 Dungeon Crawl Stone Soup version 0.29.1-13-g9f3cf754e1 (webtiles) character file.

Game seed: 18360897166368817612

1181 Hrothgar the Ruffian (level 8, -2/78 HPs)
             Began as a Troll Berserker on Feb 4, 2023.
             Was a Priest of Trog.
             Slain by Duvessa
             ... wielding a +5 rapier of freezing
              (8 damage)
             ... on level 7 of the Dungeon.
             The game lasted 00:17:32 (3868 turns).

Hrothgar the Ruffian (Troll Berserker)              Turns: 3868, Time: 00:17:32

Health: -2/78      AC:  8    Str: 26    XL:     8   Next: 19%
Magic:  7/7        EV: 10    Int:  5    God:    Trog [***...]
Gold:   87         SH:  0    Dex:  9    Spells: 7/7 levels left

rFire   . . .      SeeInvis .   q - +3 lajatang
rCold   . . .      Faith    .   (shield currently unavailable)
rNeg    . . .      Spirit   .   a - +0 animal skin
rPois   .          Reflect  .   (helmet restricted)
rElec   .          Harm     .   (no cloak)
rCorr   .          Rampage  .   (gloves unavailable)
Will    .....                   (boots unavailable)
Stlth   +.........              (no amulet)
HPRegen 1.03/turn               d - +4 ring of protection
MPRegen 0.10/turn               (no ring)

@: on berserk cooldown, slowed, very slow
A: large, unfitting armour, claws 3, regeneration 1, shaggy fur 1, tough skin 1,
horns 1, talons 1
a: Renounce Religion, Berserk, Trog's Hand


You were on level 7 of the Dungeon.
You worshipped Trog.
Trog was most pleased with you.
You visited 1 branch of the dungeon, and saw 7 of its levels.
You also visited: Ossuary.

You collected 297 gold pieces.
You spent 210 gold pieces at shops.

Inventory:

Hand Weapons
 q - a +3 lajatang (weapon)
Missiles
 b - 3 curare-tipped darts
 i - 2 poisoned darts
 k - 2 javelins (quivered)
 t - 4 boomerangs
Armour
 a - a +0 animal skin (worn)
Jewellery
 d - a +4 ring of protection (left claw)
 o - an amulet of regeneration
Scrolls
 e - 8 scrolls of teleportation
 h - a scroll of vulnerability
 m - 5 scrolls of fear
 p - a scroll of noise
 w - a scroll of acquirement {unknown}
Potions
 c - a potion of curing
 f - 2 potions of degeneration
 g - a potion of mutation
 j - 2 potions of berserk rage {unknown}
 l - 4 potions of lignification
 n - a potion of might
 r - a potion of attraction {unknown}
 u - a potion of brilliance {unknown}


   Skills:
 * Level 3.8 Fighting
 * Level 4.5 Staves
 * Level 2.0 Throwing
 * Level 2.0 Armour
 * Level 3.7 Dodging
 * Level 1.4 Stealth
 * Level 4.8 Unarmed Combat


You had 7 spell levels left.
You didn't know any spells.
Your spell library was empty.

Dungeon Overview and Level Annotations

Branches:
Dungeon (7/15)            Ossuary (visited)
 Temple: D:4-7

Altars:
Sif Muna

Shops:
D:3 ?   D:4 (   D:6 [

Annotations:
D:7 Duvessa


Innate Abilities, Weirdness & Mutations

You are too large for most types of armour.
You have claws for hands.
Your natural rate of healing is unusually fast.
You are covered in fur. (AC +1)
You have tough skin. (AC +1)
You have a pair of small horns on your head.
You have sharp toenails.


Message History

Something hits you.
Throw: 4 javelins
Press: ? - help, Q - select action, (/) - cycle Shift-Dir - straight line, f/p - orc
Aim: an orc, wielding a +0 hand axe (lightly wounded, 56% to hit)
You throw a javelin. The javelin closely misses the orc.
The javelin pierces through Duvessa but does no damage.
Something hits you but does no damage.
Throw: 3 javelins
Press: ? - help, Q - select action, (/) - cycle Shift-Dir - straight line, f/p - orc
Aim: an orc, wielding a +0 hand axe (lightly wounded, 56% to hit)
You throw a javelin. The javelin pierces through the orc!
You kill the orc!
Trog accepts your kill.
The javelin pierces through Duvessa!
Duvessa is lightly wounded.
Something hits you but does no damage.
Duvessa hits you with a +5 rapier of freezing!
Duvessa freezes you. Something hits you but does no damage.
Unknown command.
Okay, then.
You feel much better.
Duvessa hits you with a +5 rapier of freezing!
Duvessa freezes you!
Duvessa hits you with a +5 rapier of freezing!
Duvessa freezes you.
You hear some strange, mumbled words.
A magic dart appears from out of thin air!
The magic dart hits you.
You hit something. Your kick misses something.
Duvessa hits you with a +5 rapier of freezing.
Duvessa freezes you.
* * * LOW HITPOINT WARNING * * *
Something hits you but does no damage.
Duvessa hits you with a +5 rapier of freezing!
* * * LOW HITPOINT WARNING * * *
Duvessa freezes you.
* * * LOW HITPOINT WARNING * * *
Something hits you but does no damage.
Duvessa hits you with a +5 rapier of freezing!
You die...

#.######.#.## ##
#.##........######.
#.##.###.#...))....
#....# #.#.#######.
####.# #.#.# #. #.#
#.#.# #. #.# #.#.#
#. ###.# #...# #.
#@{.# ###.# #.
#e#.# ... #. #)#.#
#.#.# #)#.# #...#.#
#.#.# ...#.## .
#.#.# ......#..
#(#.# ........ #.#
####.#...##


You could see Duvessa (berserk).

Vanquished Creatures
  A steam dragon (D:7)
  An ice beast (D:7)
  A sky beast (D:7)
  2 black bears (D:6)
  2 ogres (D:5)
  4 water moccasin zombies (Ossuary)
  Dowan (D:7)
  An orc priest (D:3)
  An orc wizard (D:5)
  2 mummies (Ossuary)
  5 adders
  An ufetubus (D:4)
  4 adder zombies (Ossuary)
  A worm (D:2)
  13 orcs
  4 endoplasms
  4 gnoll zombies (Ossuary)
  7 goblins
  5 hobgoblins
  8 jackals
  2 quokkas
  6 ball pythons
  11 bats
  A frilled lizard (D:3)
  4 hobgoblin zombies (Ossuary)
  7 kobolds
  8 kobold zombies (Ossuary)
  5 orc zombies (Ossuary)
  4 rats
116 creatures vanquished.

Notes
Turn   | Place    | Note
-------+----------+-------------------------------------------
     0 | D:1      | Hrothgar the Troll Berserker began the quest for the Orb.
     0 | D:1      | Reached XP level 1. HP: 22/22 MP: 0/0
   189 | D:1      | Found a faded altar of an unknown god.
   242 | D:1      | Reached XP level 2. HP: 29/29 MP: 1/1
   542 | D:2      | Reached ** piety under Trog
   543 | D:2      | Reached XP level 3. HP: 36/36 MP: 2/2
   931 | D:3      | Reached XP level 4. HP: 44/44 MP: 3/3
  1007 | D:4      | Identified the +2 leather armour "Waklid" {rF+}
  1126 | D:4      | Found Estie's Weapon Emporium.
  1860 | D:3      | Found Udutef's Magic Scroll Emporium.
  1874 | D:3      | Bought a scroll of identify for 24 gold pieces
  1874 | D:3      | Bought a scroll of enchant weapon for 90 gold pieces
  1874 | D:3      | Bought a scroll of identify for 24 gold pieces
  1874 | D:3      | Bought a scroll of identify for 24 gold pieces
  1874 | D:3      | Bought a scroll of identify for 24 gold pieces
  1874 | D:3      | Bought a scroll of identify for 24 gold pieces
  2936 | D:1      | Reached XP level 5. HP: 53/53 MP: 4/4
  3035 | D:2      | You fall into a shaft and drop 1 floor!
  3115 | D:5      | Entered Level 5 of the Dungeon
  3161 | D:5      | Noticed an ogre
  3168 | D:5      | Killed an ogre
  3169 | D:5      | Reached skill level 1 in Staves
  3198 | D:5      | Noticed an ogre
  3220 | D:5      | Killed an ogre
  3221 | D:5      | Reached skill level 1 in Throwing
  3221 | D:5      | Reached skill level 1 in Armour
  3221 | D:5      | Reached XP level 6. HP: 61/61 MP: 5/5
  3333 | D:6      | Found a shimmering blue altar of Sif Muna.
  3355 | D:6      | Found Qenk's Antique Armour Emporium.
  3374 | D:6      | Reached skill level 1 in Stealth
  3374 | D:6      | Reached XP level 7. HP: 66/67 MP: 6/6
  3411 | D:6      | Found a sand-covered staircase.
  3415 | Ossuary  | Entered an ossuary
  3447 | Ossuary  | Reached *** piety under Trog
  3597 | Ossuary  | Gained mutation: You are occasionally teleported next to
                  | monsters. [potion of mutation]
  3597 | Ossuary  | Gained mutation: Your muscles are strong. (Str +4, Int/Dex
                  | -1) [potion of mutation]
  3598 | Ossuary  | Lost mutation: You are occasionally teleported next to
                  | monsters. [potion of mutation]
  3598 | Ossuary  | Lost mutation: Your muscles are strong. (Str +4, Int/Dex
                  | -1) [potion of mutation]
  3598 | Ossuary  | Gained mutation: Your muscles are strong. (Str +4, Int/Dex
                  | -1) [potion of mutation]
  3598 | Ossuary  | Gained mutation: Your magical capacity is low. (-10% MP)
                  | [potion of mutation]
  3599 | Ossuary  | Lost mutation: Your muscles are strong. (Str +4, Int/Dex
                  | -1) [potion of mutation]
  3599 | Ossuary  | Lost mutation: Your magical capacity is low. (-10% MP)
                  | [potion of mutation]
  3599 | Ossuary  | Gained mutation: You have sharp toenails. [potion of
                  | mutation]
  3599 | Ossuary  | Gained mutation: You have a pair of small horns on your
                  | head. [potion of mutation]
  3729 | D:7      | Noticed a steam dragon
  3739 | D:7      | Killed a steam dragon
  3824 | D:7      | Noticed Dowan
  3827 | D:7      | Noticed Duvessa
  3849 | D:7      | Reached XP level 8. HP: 78/78 MP: 7/7
  3858 | D:7      | Killed Dowan
  3868 | D:7      | Slain by Duvessa

Illustrated notes

Levels and vault maps discovered:
D:1:      roderic_octagonal_star, layout_loops_ring,
          hellmonk_ecumenical_altar_zigzags, amethyst_killhole,
          chequers_serial_rivers_micro_c
D:2:      layout_loops_corners, dreamdust_princess_corridor
D:3:      layout_rooms, serial_shops, shop
D:4:      layout_gridville, serial_shops, nicolae_shop_statue_plus
D:5:      layout_cave_pools, serial_bayou_ford_a
D:6:      layout_loops_cross, nicolae_sif_muna_little_library,
          minmay_temple_entry_mini_moons, serial_shops, shop, shop,
          enter_ossuary_5
D:7:      layout_loops_ring, uniq_duvessa

Skill      XL: |  1  2  3  4  5  6  7  8 |
---------------+-------------------------+-----
Dodging        | 3 |  3.7
Unarmed Combat | 4 |  4.8
Fighting       | 3 |  3.8
Staves         | 2 4 |  4.5
Throwing       | 1 2 |  2.0
Armour         | 1 2 |  2.0
Stealth        | 1 |  1.4

Action                   |  1- 3 |  4- 6 |  7- 9 || total
-------------------------+-------+-------+-------++-------
Melee: Unarmed           |   102 |    30 |       ||   132
       Punch             |     1 |       |       ||     1
       Lajatang          |       |    98 |    99 ||   197
       Headbutt          |       |       |     6 ||     6
       Kick              |       |       |     3 ||     3
Throw: Dart              |     3 |       |       ||     3
       Javelin           |     1 |     6 |     8 ||    15
Invok: Berserk           |     1 |     2 |     2 ||     5
  Use: Scroll            |     6 |    10 |     4 ||    20
       Potion            |       |     2 |     4 ||     6
 Stab: Sleeping          |       |       |     1 ||     1
Armor: Animal skin       |    52 |    80 |    41 ||   173
Dodge: Dodged            |    55 |    85 |    38 ||   178
